 Dungeon Crawl Stone Soup version 0.18-a0-1797-gc18daef (webtiles) character file.

860 macross the Covert (level 7, -4/35 HPs)
             Began as a Spriggan Assassin on Apr 22, 2016.
             Was a Follower of Dithmenos.
             Slain by an orc
             ... wielding a +0 trident
              (10 damage)
             ... on level 4 of the Dungeon.
             The game lasted 00:13:38 (4591 turns).

macross the Covert (Spriggan Assassin)              Turns: 4591, Time: 00:13:39

Health: -4/35      AC:  3    Str:  7    XL:     7   Next: 71%
Magic:  8/8        EV: 22    Int: 13    God:    Dithmenos [*.....]
Gold:   311        SH:  0    Dex: 19    Spells: 0 memorised, 6 levels left

rFire  . . .     SeeInvis +     a - +2 dagger
rCold  . . .     Gourm    .     c - +0 robe
rNeg   . . .     Faith    .     (shield restricted)
rPois  .         Spirit   .     (helmet restricted)
rElec  .         Dismiss  .     d - +0 cloak
rCorr  .         Reflect  .     (gloves unavailable)
SustAt .         Harm     .     (boots unavailable)
MR     +....                    p - amulet of rage
Stlth  +++++++...               B - ring of flight
                                t - ring of flight

@: wreathed by umbra, very quick, somewhat resistant to hostile enchantments,
extremely stealthy
A: unfitting armour, see invisible, herbivore 3, speed 3, slow metabolism 2
a: Renounce Religion, Evoke Berserk Rage, Evoke Flight


You were on level 4 of the Dungeon.
You worshipped Dithmenos.
Dithmenos was aware of your devotion.
You were not hungry.

You visited 2 branches of the dungeon, and saw 8 of its levels.

You collected 311 gold pieces.

Inventory:

Hand Weapons
 a - a +2 dagger (weapon)
 b - a +0 blowgun
Missiles
 e - 35 poisoned needles
 f - 9 curare-tipped needles
Armour
 c - a +0 robe (worn)
 d - a +0 cloak (worn)
Jewellery
 p - an amulet of rage (around neck)
 t - a ring of flight (left hand)
 B - a ring of flight (right hand)
 C - an uncursed ring of loudness
Wands
 m - a wand of iceblast (4/15)
Scrolls
 i - a scroll of amnesia
 j - a scroll of blinking
 k - 3 scrolls of teleportation
 n - a scroll of torment
 r - a scroll of fear {unknown}
 s - a scroll of remove curse
 u - a scroll of enchant weapon {unknown}
 y - a scroll of immolation {unknown}
Potions
 h - a potion of flight {unknown}
 l - 2 potions of haste
 v - a potion of ambrosia {unknown}
 w - a potion of heal wounds {unknown}
 x - 2 potions of curing
 z - a potion of cure mutation {unknown}
 A - a potion of cancellation {unknown}
Comestibles
 g - 4 bread rations
 o - a slice of pizza


   Skills:
 + Level 2.5 Fighting
 + Level 3.6 Short Blades
 + Level 2.4 Throwing
 + Level 5.6 Dodging
 + Level 11.7 Stealth
 + Level 0.3 Evocations


You had 6 spell levels left.
You didn't know any spells.

Dungeon Overview and Level Annotations

Branches:
Dungeon (7/15)             Temple (1/1) D:7

Altars:
Ashenzari
Cheibriados
Dithmenos
Elyvilon
Fedhas
Gozag
Kikubaaqudgha
Makhleb
Nemelex Xobeh
Okawaru
Pakellas
Qazlal
Ru
Sif Muna
Trog
Vehumet
Xom
Yredelemnul
Zin
The Shining One


Innate Abilities, Weirdness & Mutations

You are tiny and cannot use many weapons and most armour.
You have supernaturally acute eyesight.
You are a herbivore.
You cover ground extremely quickly.
You need consume almost no food.


Message History

a dagger; a robe; an orc corpse
Things that are here:
a tomahawk; a dagger; a robe
Things that are here:
a falchion; an orc corpse; an iguana skeleton
Things that are here:
a morningstar; an orc corpse You see here a beef jerky.
You feel yourself speed up.
You feel less exhausted.
You hit the ogre but do no damage.
The ogre hits you with a giant spiked club!!
Ouch! That really hurt!
* * * LOW HITPOINT WARNING * * *
You hit the ogre.
The ogre is lightly wounded.
The ogre misses you.
There is a stone staircase leading down here.
The orc hits you with a trident!
You die...

.# #.....# #.# .#####
#.....# #<# .....# #.....#
### .....##### #.....#
.........## #.....#
.....###..###.....#
.....##8..8##..(..#
.....#......#.....########
..######..###..o@.##.....#
..# #⌠...._####...#.###.#
..# ###..####.......#...#
..# #_....⌠##.##...##.###
..# ###..####.##...##.#
### #_....# #.###O.##.#
###..####.###..##.#
#...._#..O.##.##.#
#.#⌠.##......>...#


You could see an ogre and an orc.

Vanquished Creatures
  An ogre (D:6)
  A centaur (D:6)
  2 giant frogs (D:6)
  A water moccasin zombie (D:6)
  2 howler monkeys (D:4)
  2 hounds
  An orc priest (D:4)
  2 orc wizards (D:4)
  4 worker ants
  2 iguanas (D:4)
  A hound zombie (D:7)
  3 adders
  2 adder zombies (D:2)
  2 worms (D:3)
  3 dart slugs
  5 giant geckos
  11 orcs
  3 bat skeletons (D:2)
  A bat zombie (D:2)
  6 goblins
  7 hobgoblins
  4 jackals
  2 ball pythons
  6 bats
  2 giant cockroach zombies (D:2)
  A giant gecko zombie (D:2)
  9 giant newts
  7 kobolds
  A quokka skeleton (D:2)
  A quokka zombie (D:2)
  A rat (D:1)
96 creatures vanquished.

Notes
Turn   | Place    | Note
--------------------------------------------------------------
     0 | D:1      | macross the Spriggan Assassin began the quest for the Orb.
     0 | D:1      | Reached XP level 1. HP: 10/10 MP: 2/2
    18 | D:1      | Reached skill level 6 in Stealth
    77 | D:2      | Reached XP level 2. HP: 14/14 MP: 3/3
   235 | D:5      | Entered Level 5 of the Dungeon
   241 | D:5      | Reached skill level 7 in Stealth
   241 | D:5      | Reached XP level 3. HP: 4/18 MP: 4/4
   542 | D:6      | Noticed a centaur
   549 | D:6      | Killed a centaur
   549 | D:6      | Reached skill level 8 in Stealth
   549 | D:6      | Reached XP level 4. HP: 23/23 MP: 5/5
   549 | D:6      | Reached XP level 5. HP: 26/26 MP: 6/6
   665 | D:6      | Reached skill level 9 in Stealth
   837 | D:6      | Noticed an ogre
   839 | D:6      | Killed an ogre
   839 | D:6      | Reached XP level 6. HP: 30/30 MP: 7/7
   852 | D:6      | Reached skill level 10 in Stealth
   936 | D:7      | Found a staircase to the Ecumenical Temple.
   950 | Temple   | Entered the Ecumenical Temple
   973 | Temple   | Became a worshipper of Dithmenos the Shadowed
  1129 | D:7      | Reached XP level 7. HP: 30/35 MP: 8/8
  1142 | D:7      | Found a white marble altar of Elyvilon.
  1554 | D:4      | Reached skill level 11 in Stealth
  3021 | D:1      | Reached * piety under Dithmenos
  3757 | D:4      | Found an oddly glowing altar of Pakellas.
  3760 | D:4      | Found a sacrificial altar of Ru.
  3762 | D:4      | Found an ancient bone altar of Kikubaaqudgha.
  3764 | D:4      | Found a glowing silver altar of Zin.
  4178 | D:4      | Reached skill level 5 in Dodging
  4591 | D:4      | Slain by an orc

Vault maps used:
D:1:      dpeg_arrival_chase
D:2:      first_bread, serial_undead, serial_undead_a, serial_undead_f,
          serial_undead_b, serial_undead_d, serial_undead_c, serial_undead_e,
          serial_undead_b, serial_undead_e, serial_undead_b, serial_undead_f
D:3:      st_stairs_14
D:4:      minitemple
D:5:      kennysheep_generic_room_13
D:7:      minmay_temple_entry_junction2, basic_altar
Temple:   lightli_temple_of_artemis

Skill      XL: |  1  2  3  4  5  6  7 |
---------------+----------------------+-----
Stealth        | 6 7 8 9 10 11 | 11.7
Dodging        | 2 3 5 |  5.6
Fighting       | 2 |  2.5
Short Blades   | 3 |  3.6
Throwing       | |  2.4
Evocations     | |  0.3

Action                   |  1- 3 |  4- 6 |  7- 9 || total
-------------------------+-------+-------+-------++-------
Melee: Dagger            |    40 |    58 |   237 ||   335
 Abil: Evoke Berserk Rag |       |       |     2 ||     2
       Evoke Flight      |       |       |     1 ||     1
  Use: Scroll            |       |       |     6 ||     6
       Potion            |       |       |     2 ||     2
 Stab: Sleeping          |     8 |     7 |    23 ||    38
       Distracted        |       |       |     2 ||     2
  Eat: Bread ration      |       |       |     1 ||     1
Armor: Robe              |     3 |     6 |    17 ||    26
Dodge: Dodged            |    26 |    40 |   182 ||   248
